 Dungeon Crawl Stone Soup version 0.21-a0-417-g0adc95b (webtiles) character file.

31 slep the Slasher (level 3, -1/27 HPs)
             Began as a Demonspawn Gladiator on Nov 4, 2017.
             Slain by Sigmund
             ... wielding a +0 scythe
              (9 damage)
             ... on level 2 of the Dungeon.
             The game lasted 00:03:38 (841 turns).

slep the Slasher (Demonspawn Gladiator)              Turns: 841, Time: 00:03:39

Health: -1/27      AC:  4    Str: 14    XL:     3   Next: 7%
Magic:  3/3        EV: 13    Int:  9    God:
Gold:   36         SH:  0    Dex: 15    Spells: 2/2 levels left

rFire    . . .     SeeInvis .   a - +0 long sword
rCold    . . .     Gourm    .   (no shield)
rNeg     . . .     Faith    .   b - +0 leather armour
rPois    .         Spirit   .   c - +0 helmet
rElec    .         Reflect  .   (no cloak)
rCorr    .         Harm     .   (no gloves)
MR       .....                  (no boots)
Stlth    +.........             (no amulet)
HPRegen  0.09/turn              (no ring)
MPRegen  0.08/turn              (no ring)

@: no status effects
A: talons 1, demonic guardian 1
a: no special abilities


You were on level 2 of the Dungeon.
You were not hungry.

You visited 1 branch of the dungeon, and saw 2 of its levels.

You collected 36 gold pieces.

Inventory:

Hand Weapons
 a - a +0 long sword (weapon)
Missiles
 d - 3 throwing nets (quivered)
 g - 7 tomahawks
Armour
 b - a +0 leather armour (worn)
 c - a +0 helmet (worn)
Scrolls
 m - a scroll of enchant armour {unknown}
 n - a scroll of teleportation {unknown}
Potions
 e - 2 potions of curing
 h - a potion of resistance {unknown}
 i - a potion of might {unknown}
 k - a potion of brilliance {unknown}
 l - 2 potions of degeneration {unknown}
 o - a potion of agility {unknown}
Comestibles
 f - a bread ration


   Skills:
 + Level 2.2 Fighting
 + Level 3.3 Long Blades
 + Level 1.9 Throwing
 + Level 0.2 Armour
 + Level 3.0 Dodging


You had 2 spell levels left.
You didn't know any spells.

Dungeon Overview and Level Annotations

Branches:
Dungeon (2/15)

Altars:

Annotations:
D:2 Sigmund


Innate Abilities, Weirdness & Mutations

You have sharp toenails.
A weak demonic guardian rushes to your aid.


Message History

You closely miss the frilled lizard. Your kick misses the frilled lizard.
Sigmund misses you. The frilled lizard barely misses you.
You hit the frilled lizard but do no damage.
The frilled lizard bites you. Sigmund barely misses you.
You hit the frilled lizard but do no damage.
The frilled lizard bites you.
You hit the frilled lizard.
You kill the frilled lizard!
Sigmund whispers, "You'll know eternity soon."
Sigmund hits you from afar with a scythe!
Sigmund gestures at you while chanting. The puff of flame hits you!
* * * LOW HITPOINT WARNING * * *
You see here a frilled lizard corpse.
You completely miss Sigmund.
Sigmund casts a spell.
Sigmund flickers and vanishes!
Deactivating autopickup; reactivate with Ctrl-A.
You miss something. Something hits you!
You die...

##....# ##.....#
.......# ##.....#
###....####
..........########
....#.#.#........#
#.#........#####5#
#...#.#.#..# #@#
#.#........# #{#
....#.#.#..# #.#
##........## #[#
#######.## #.# #.#
#.# #.# #.# #..
... ...


You could see a friendly white imp.

Vanquished Creatures
  A dart slug (D:1)
  A leopard gecko (D:1)
  2 giant cockroaches (D:1)
  2 goblins (D:1)
  A hobgoblin (D:1)
  2 jackals (D:1)
  2 kobolds (D:1)
  A ball python (D:1)
  6 bats
  5 frilled lizards
  8 rats (D:1)
31 creatures vanquished.

Notes
Turn   | Place    | Note
-------+----------+-------------------------------------------
     0 | D:1      | slep the Demonspawn Gladiator began the quest for the Orb.
     0 | D:1      | Reached XP level 1. HP: 16/16 MP: 1/1
   144 | D:1      | Gained mutation: A weak demonic guardian rushes to your aid. [demonic ancestry]
   144 | D:1      | Reached XP level 2. HP: 7/22 MP: 2/2
   518 | D:1      | Gained mutation: You have sharp toenails. [demonic ancestry]
   518 | D:1      | Reached XP level 3. HP: 26/27 MP: 3/3
   832 | D:2      | Noticed Sigmund
   841 | D:2      | Slain by Sigmund

Vault maps used:
D:1:      minmay_arrival_five_plusses, minmay_misc_feat_tower,
          minmay_hexomino_c4
D:2:      lemuel_coloured_pillars_altar, nicolae_overflow_crystal_walls,
          lemuel_crystal_altar, minmay_misc_feat_doors, glass_columns_b,
          uniq_sigmund

Skill      XL: |  1  2 |
---------------+-------+-----
Long Blades    | 3 |  3.3
Dodging        | 3 |  3.0
Fighting       | |  2.2
Throwing       | |  1.9
Armour         | |  0.2

Action                   || total
-------------------------++-------
Melee: Long sword        ||    84
       Kick              ||     2
  Use: Potion            ||     1
Armor: Leather armour    ||    33
Dodge: Dodged            ||    82
       Rpst.: Long sword ||    21

Table legend:
 A = Spawn XP
 B = Non-spawn XP
 C = Spawn XP percentage of total XP
 D = Spawn monster count
 E = Non-spawn monster count
 F = Spawn count percentage of total count
 G = Total turns spent on level
                    A         B        C        D         E        F      G
               +---------+---------+-------+---------+---------+-------+---------
         Total |       0 |      45 |   0.0 |       0 |      31 |   0.0 |   841
               +---------+---------+-------+---------+---------+-------+---------
           D:1 |       0 |      43 |   0.0 |       0 |      29 |   0.0 |   692
           D:2 |       0 |       2 |   0.0 |       0 |       2 |   0.0 |   149
               +---------+---------+-------+---------+---------+-------+---------
